[Event "Titled Tuesday Blitz November 15 Early 2022"]
[White "Hajiyev, Kanan"]
[Black "Kosteniuk, Alexandra"]
[WhiteFideId "13404148"]
[BlackFideId "4128125"]
[WhiteElo "2118"]
[BlackElo "2469"]
[Result "1/2-1/2"]
[Round "04"]
[TimeControl "180+1"]
[Date "2022.11.16"]
[WhiteClock "0:00:07"]
[BlackClock "0:00:11"]

1. d4 f5 2. g3 Nf6 3. Bg2 g6 4. b3 Bg7 5. Bb2 a5 6. Nd2 a4 7. Ngf3 a3 8. Bc3 Nd5 9. Nb1 Nxc3 10. Nxc3 c5 11. O-O Nc6 12. e3 Qa5 13. Ne2 cxd4 14. Nfxd4 O-O 15. Qe1 Qxe1 16. Raxe1 Nb4 17. Ra1 e5 18. Nb5 Nxc2 19. Rac1 Nb4 20. Nec3 e4 21. Rfd1 d5 22. Nc7 Ra5 23. N7xd5 Nd3 24. Rc2 Be6 25. b4 Rxd5 26. Nxd5 Rd8 27. Nf4 Bf7 28. Nxd3 exd3 29. Rcd2 Bb2 30. Rxd3 Rxd3 31. Rxd3 Bxa2 32. Bxb7 Bc4 33. Bd5+ Bxd5 34. Rxd5 a2 35. Ra5 a1=Q+ 36. Rxa1 Bxa1 37. Kg2 Kf7 38. Kf3 Be5 39. e4 Ke6 40. exf5+ Kxf5 41. h4 h5 42. b5 Bd4 43. Kg2 Ke6 44. f3 Kd5 45. g4 hxg4 46. fxg4 Kc5 47. Kf3 Kxb5 48. g5 Kc6 49. Kg4 Kd6 50. h5 gxh5+ 51. Kxh5 Ke7 52. g6 Kf6 53. g7 Kxg7 1/2-1/2


[Site "https://www.chess.com"]

[Event "Titled Tuesday Blitz November 15 Early 2022"]
[White "Hirneise, Jens"]
[Black "Luxama, Jacques Muller"]
[WhiteFideId "24614734"]
[BlackFideId "11900113"]
[WhiteElo "2344"]
[BlackElo "1931"]
[Result "1-0"]
[Round "04"]
[TimeControl "180+1"]
[Date "2022.11.16"]
[WhiteClock "0:00:12"]
[BlackClock "0:01:15"]

1. e4 e5 2. Nf3 Nc6 3. d4 exd4 4. Nxd4 Qh4 5. Nb5 Qxe4+ 6. Be2 Kd8 7. O-O a6 8. N5c3 Qg6 9. Nd5 Bd6 10. Nbc3 Nf6 11. Bf4 Nxd5 12. Nxd5 Bxf4 13. Nxf4 Qf5 14. Qd2 d6 15. Bd3 Qc5 16. Rae1 Bd7 17. Re3 Kc8 18. Rfe1 Kb8 19. a3 a5 20. c3 a4 21. Be2 Ra5 22. Bf3 Qg5 23. Nd3 Ne5 24. Nxe5 Rxe5 25. Qd4 Rhe8 26. h4 Qf6 27. Qb4 Rxe3 28. Qxb7# 1-0


[Site "https://www.chess.com"]

[Event "Titled Tuesday Blitz November 15 Early 2022"]
[White "Ilkhomi, Jaloliddin"]
[Black "Trost, Edvin"]
[WhiteFideId "14700948"]
[BlackFideId "1729519"]
[WhiteElo "2045"]
[BlackElo "2247"]
[Result "0-1"]
[Round "04"]
[TimeControl "180+1"]
[Date "2022.11.16"]
[WhiteClock "0:00:12"]
[BlackClock "0:01:05"]

1. d4 Nf6 2. Nf3 d5 3. Bf4 Bf5 4. e3 e6 5. Bd3 Bd6 6. Bxf5 exf5 7. Bxd6 Qxd6 8. Nbd2 O-O 9. c3 f4 10. exf4 Qxf4 11. O-O Nbd7 12. Re1 Rfe8 13. Nf1 Ne4 14. Ng3 Re6 15. Re3 Nxf2 16. Rxe6 Nxd1 17. Re7 Qd6 18. Re2 Nxb2 19. Rxb2 Nb6 20. Re1 Qc6 21. Rbe2 h6 22. Re3 Nc4 23. Re7 Rf8 24. Nf5 Qf6 25. Ng3 c5 26. Rxb7 cxd4 27. cxd4 Qa6 28. Rd7 Qxa2 29. Rxd5 Ne3 30. Rxe3 Qxd5 31. h3 a5 32. Re5 Qd8 33. Nf5 a4 34. Ne7+ Kh8 35. Nc6 Qb6 36. Ra5 Qxc6 0-1


[Site "https://www.chess.com"]

[Event "Titled Tuesday Blitz November 15 Early 2022"]
[White "Ince, Taylan Ruzgar"]
[Black "Yu, Yangyi"]
[WhiteFideId "44513089"]
[BlackFideId "8603820"]
[WhiteElo "2147"]
[BlackElo "2808"]
[Result "1/2-1/2"]
[Round "04"]
[TimeControl "180+1"]
[Date "2022.11.15"]
[WhiteClock "0:00:08"]
[BlackClock "0:00:04"]

1. Nf3 Nf6 2. d4 d5 3. g3 e6 4. Bg2 Be7 5. c4 O-O 6. O-O c6 7. b3 a5 8. Nc3 b6 9. Bb2 Ba6 10. Ne5 Nfd7 11. cxd5 cxd5 12. Nxd7 Qxd7 13. Qd2 Nc6 14. Rfc1 Rfc8 15. Na4 Rab8 16. e3 h6 17. a3 Bb5 18. Nc3 Ba6 19. Na4 Na7 20. Rxc8+ Nxc8 21. Rc1 Nd6 22. Nc3 Rc8 23. Na4 Rc6 24. Rxc6 Qxc6 25. Nc3 b5 26. Na2 Qc7 27. Qc1 Qxc1+ 28. Nxc1 a4 29. b4 Nc4 30. Nd3 f6 31. Bc1 Bc8 32. Bf1 Kf7 33. Nc5 e5 34. f3 Bd6 35. Kf2 Ke7 36. Bd3 g5 37. f4 Bg4 38. h4 gxh4 39. gxh4 e4 40. Bxc4 dxc4 41. Bd2 f5 42. Bc3 Bh5 43. Kg3 Be8 44. Kh3 Bc6 45. Kg3 Kf7 46. Kh3 Kg6 47. Ne6 Be7 48. Kg3 Kf7 49. Nc5 Bd6 50. Kh3 Bd5 51. Kg3 Be7 52. h5 Bc6 53. Kh3 Ke8 54. Ne6 Kf7 55. Nc5 Bd6 56. Kg3 Bd5 57. Kh3 Ke7 58. Kh4 Bf7 59. Bd2 Bc7 60. Bc3 Bd8 61. Nb7 Bc7 62. Nc5 Kd6 63. Nb7+ Kc6 64. Na5+ Kd5 65. Nb7 Kc6 66. Na5+ Kb6 67. d5 Bxd5 68. Bd4+ Ka6 69. Bg7 Bd8+ 70. Kg3 Bxa5 71. bxa5 Bf7 72. Bc3 Bxh5 73. Bb4 Bf7 74. Bc3 Kb7 75. Bb4 Kc6 76. Kf2 h5 77. Kg3 Be8 78. Kh4 Kd5 79. Kg5 Bg6 80. Kh4 Kc6 81. Kg3 Kb7 82. Kh4 Kc6 83. Kg3 Kb7 84. Kh4 Be8 85. Kg3 Kc6 86. Kh4 Kb7 87. Kg3 Bg6 1/2-1/2


[Site "https://www.chess.com"]

[Event "Titled Tuesday Blitz November 15 Early 2022"]
[White "Injac, Teodora"]
[Black "Astafurov, Arseniy"]
[WhiteFideId "932400"]
[BlackFideId "24175218"]
[WhiteElo "2286"]
[BlackElo "2163"]
[Result "1-0"]
[Round "04"]
[TimeControl "180+1"]
[Date "2022.11.16"]
[WhiteClock "0:00:28"]
[BlackClock "0:00:12"]

1. d4 Nf6 2. Nf3 d5 3. c4 c6 4. Nbd2 a6 5. e3 Bg4 6. h3 Bh5 7. b3 e6 8. Be2 Nbd7 9. Bb2 Bd6 10. O-O Qb8 11. Re1 O-O 12. Qc2 Re8 13. e4 dxe4 14. Nxe4 Nxe4 15. Qxe4 Bg6 16. Qe3 a5 17. Bd3 a4 18. Bxg6 hxg6 19. h4 Nf6 20. Ne5 Qc7 21. Qg5 Qe7 22. Bc3 Nd7 23. Qg4 Nf6 24. Qf3 Nh5 25. g3 Nf6 26. Kg2 Nd7 27. Ng4 Nf6 28. d5 Nxg4 29. Qxg4 cxd5 30. cxd5 e5 31. bxa4 Qc7 32. Rac1 Qa5 33. Bxa5 1-0


[Site "https://www.chess.com"]

[Event "Titled Tuesday Blitz November 15 Early 2022"]
[White "Itgelt, Khuyagtsogt"]
[Black "Baches Garcia, Guillermo"]
[WhiteFideId "4902912"]
[BlackFideId "2209764"]
[WhiteElo "2129"]
[BlackElo "2443"]
[Result "1-0"]
[Round "04"]
[TimeControl "180+1"]
[Date "2022.11.16"]
[WhiteClock "0:00:06"]
[BlackClock "0:00:06"]

1. d4 Nf6 2. c4 e6 3. Nf3 d5 4. Nc3 c5 5. cxd5 Nxd5 6. e4 Nxc3 7. bxc3 cxd4 8. cxd4 Bb4+ 9. Bd2 Bxd2+ 10. Qxd2 O-O 11. Bb5 Nd7 12. O-O a6 13. Bd3 b6 14. Rad1 Bb7 15. Rfe1 h6 16. Bb1 Re8 17. Qf4 Rc8 18. h4 Qc7 19. Qe3 Nf6 20. e5 Nd7 21. Qd3 Nf8 22. Nd2 Qc3 23. Ne4 Qxd3 24. Bxd3 Bxe4 25. Bxe4 Red8 26. d5 exd5 27. Bxd5 Ne6 28. g3 Rc5 29. Bb3 Rxd1 30. Rxd1 Rxe5 31. Rd6 Rb5 32. Kg2 Nc5 33. Rd8+ Kh7 34. Bxf7 g5 35. h5 Kg7 36. Bd5 Rb2 37. Rg8+ Kf6 38. Rg6+ Ke5 39. Bc4 Ne4 40. Rxh6 Rxf2+ 41. Kg1 Rf3 42. Re6+ Kd4 43. Bxa6 Rxg3+ 44. Kh2 Rg4 45. h6 Rh4+ 46. Kg2 Nc5 47. Rxb6 g4 48. Be2 Ne4 49. Rg6 g3 50. Bf3 Rh2+ 51. Kg1 Rf2 52. Bxe4 Kxe4 53. Rxg3 Rxa2 54. h7 Ra1+ 55. Kg2 Ra2+ 56. Kh3 Ra8 57. Rg8 1-0


[Site "https://www.chess.com"]

[Event "Titled Tuesday Blitz November 15 Early 2022"]
[White "Iturrizaga Bonelli, Eduardo"]
[Black "Paravyan, David"]
[WhiteFideId "3901211"]
[BlackFideId "4194985"]
[WhiteElo "2637"]
[BlackElo "2546"]
[Result "0-1"]
[Round "04"]
[TimeControl "180+1"]
[Date "2022.11.15"]
[WhiteClock "0:00:04"]
[BlackClock "0:00:05"]

1. c4 Nf6 2. g3 g6 3. Bg2 Bg7 4. Nc3 O-O 5. d4 Nc6 6. Nf3 d5 7. cxd5 Nxd5 8. O-O Nb6 9. e3 a5 10. h3 a4 11. Qe2 e5 12. dxe5 Nxe5 13. Nxe5 Bxe5 14. a3 Be6 15. Rd1 Qe7 16. e4 Bb3 17. Rd2 Bg7 18. Kh2 h5 19. h4 Rfe8 20. f4 c6 21. Qf2 Nc4 22. Re2 Rad8 23. e5 f6 24. Ne4 fxe5 25. f5 gxf5 26. Qxf5 Qf7 27. Qxf7+ Kxf7 28. Bg5 Rd1 29. Rxd1 Bxd1 30. Rf2+ Kg8 31. Bf1 b5 32. Bd3 Rf8 33. Rxf8+ Kxf8 34. Bxc4 bxc4 35. Kg2 Kf7 36. Nd6+ Ke6 37. Nxc4 e4 38. Bc1 Bd4 39. Be3 c5 40. Bc1 Bf3+ 41. Kf1 Kd5 42. Ne3+ Kc6 43. Nc4 Kb5 44. Nd2 Be3 45. Nxf3 Bxc1 46. Ng5 Bxb2 47. Nxe4 Bxa3 48. Ke2 Bb2 49. Kd3 a3 50. Kc2 c4 51. Nd6+ Kb4 52. Nf5 Be5 53. Kb1 Kb3 0-1


[Site "https://www.chess.com"]

[Event "Titled Tuesday Blitz November 15 Early 2022"]
[White "Ivic, Velimir"]
[Black "Atakishiyev, Elmar"]
[WhiteFideId "950122"]
[BlackFideId "13410547"]
[WhiteElo "2625"]
[BlackElo "2194"]
[Result "1-0"]
[Round "04"]
[TimeControl "180+1"]
[Date "2022.11.15"]
[WhiteClock "0:00:07"]
[BlackClock "0:00:04"]

1. d4 Nf6 2. c4 g6 3. Nc3 d5 4. cxd5 Nxd5 5. Bd2 Bg7 6. e4 Nb6 7. Be3 O-O 8. Be2 Nc6 9. Nf3 Bg4 10. d5 Bxf3 11. gxf3 Na5 12. Bd4 e5 13. Bc5 Re8 14. b3 c6 15. d6 Nd7 16. Be3 b6 17. b4 Nb7 18. Ba6 Rb8 19. Qd3 Qf6 20. Bxb7 Rxb7 21. O-O-O Qxf3 22. b5 cxb5 23. Nxb5 Bf8 24. Qd5 Rbb8 25. Nc7 Rec8 26. Qc6 Bxd6 27. Rxd6 Qxh1+ 28. Rd1 Qf3 29. Rxd7 Qe2 30. Qd5 Rf8 31. Qxe5 Qe1+ 32. Kc2 Qe2+ 33. Kc1 Qc4+ 34. Kd2 Qb4+ 35. Ke2 Qc4+ 36. Kf3 Qf1 37. Bd4 Qd1+ 38. Kg2 Qg4+ 39. Kf1 Qd1+ 40. Kg2 Qg4+ 41. Qg3 Qxe4+ 42. Qf3 Qe6 43. Nxe6 1-0


[Site "https://www.chess.com"]

[Event "Titled Tuesday Blitz November 15 Early 2022"]
[White "Izuzquiza Gonzalez, Javier"]
[Black "Mika, Tomasz"]
[WhiteFideId "3101029"]
[BlackFideId "1132970"]
[WhiteElo "2034"]
[BlackElo "2126"]
[Result "1/2-1/2"]
[Round "04"]
[TimeControl "180+1"]
[Date "2022.11.16"]
[WhiteClock "0:00:09"]
[BlackClock "0:01:02"]

1. d4 d5 2. c4 dxc4 3. Nf3 Nf6 4. Nc3 a6 5. a4 Nc6 6. e3 Bg4 7. Bxc4 e5 8. dxe5 Qxd1+ 9. Nxd1 Bxf3 10. gxf3 Nxe5 11. Be2 Bb4+ 12. Bd2 Bxd2+ 13. Kxd2 O-O-O+ 14. Kc2 Nd5 15. Nc3 Nb4+ 16. Kb3 Nbd3 17. f4 Nc6 18. Bxd3 Rxd3 19. Rad1 Rhd8 20. Rxd3 Rxd3 21. Rd1 Rxd1 22. Nxd1 Kd7 23. Kc4 Ke6 24. Nc3 Ne7 25. Kd4 Kf5 26. f3 h5 27. Ne4 b6 28. Ng3+ Kg6 29. Ke5 h4 30. f5+ Kh6 31. Ne4 Nc6+ 32. Kd5 Ne7+ 33. Ke5 Nc6+ 34. Kd5 Nb4+ 35. Kc4 Nc2 36. Kd3 Ne1+ 37. Ke2 Nc2 38. Kd3 Nb4+ 39. Kc4 a5 40. f4 Kh5 41. h3 Nc2 42. Kd3 Ne1+ 43. Ke2 Nc2 44. Kd3 Nb4+ 45. Kc4 Nc6 46. Kd5 Ne7+ 47. Ke5 Nc6+ 48. Kd5 Nb4+ 49. Kc4 1/2-1/2


[Site "https://www.chess.com"]

[Event "Titled Tuesday Blitz November 15 Early 2022"]
[White "Jaskolka, Tomasz"]
[Black "Lauridsen, Jesper Morch"]
[WhiteFideId "1170791"]
[BlackFideId "1401890"]
[WhiteElo "2126"]
[BlackElo "2230"]
[Result "1-0"]
[Round "04"]
[TimeControl "180+1"]
[Date "2022.11.16"]
[WhiteClock "0:00:44"]
[BlackClock "0:00:13"]

1. e4 c5 2. Nf3 d6 3. Bb5+ Bd7 4. Bxd7+ Qxd7 5. O-O Nc6 6. c3 Nf6 7. Re1 e6 8. d4 cxd4 9. cxd4 d5 10. e5 Ne4 11. Nc3 Nxc3 12. bxc3 Be7 13. Bg5 Rc8 14. Rb1 Bxg5 15. Nxg5 Na5 16. Qd3 h6 17. Nh3 Qc6 18. Rec1 Qc4 19. Qxc4 Rxc4 20. f4 Ke7 21. Nf2 Rhc8 22. Nd1 b6 23. Kf2 Nc6 24. Nb2 Nxe5 25. fxe5 Rxc3 26. Rxc3 Rxc3 27. Re1 Ra3 28. Ra1 Rc3 29. Nd1 Rd3 30. Rc1 Rxd4 31. Ne3 Rd2+ 32. Kf3 Rxa2 33. Rc7+ Ke8 34. Nc2 Kd8 35. Rc3 Kd7 36. Nd4 Ra4 37. Nb5 a6 38. Nd6 f6 39. exf6 gxf6 40. Nf7 b5 41. Nxh6 b4 42. Rc1 b3 43. Ng4 Ke7 44. Ne3 b2 45. Rb1 Rb4 46. Nd1 a5 47. Rxb2 Rxb2 48. Nxb2 e5 49. Ke3 Ke6 50. g4 d4+ 51. Ke4 Kd6 52. h4 Kc5 53. h5 Kb4 54. h6 Kb3 55. Nd3 a4 56. h7 1-0


[Site "https://www.chess.com"]

[Event "Titled Tuesday Blitz November 15 Early 2022"]
[White "Jobava, Baadur"]
[Black "Harshavardhan G B"]
[WhiteFideId "13601520"]
[BlackFideId "25059009"]
[WhiteElo "2582"]
[BlackElo "2333"]
[Result "1-0"]
[Round "04"]
[TimeControl "180+1"]
[Date "2022.11.15"]
[WhiteClock "0:00:52"]
[BlackClock "0:00:08"]

1. b3 d5 2. Bb2 Nf6 3. d3 g6 4. Nd2 Bg7 5. g3 O-O 6. Bg2 c6 7. Ngf3 Bg4 8. O-O Nbd7 9. c4 Re8 10. Rc1 e5 11. h3 Bxf3 12. Nxf3 d4 13. b4 a5 14. b5 c5 15. Nd2 Rb8 16. e4 Nf8 17. h4 h5 18. Bh3 b6 19. Rc2 Bh6 20. Bc1 Ne6 21. Nf3 Bxc1 22. Qxc1 Qd6 23. Ne1 Ng4 24. Ng2 Rbd8 25. Re2 Ng7 26. f3 Ne3 27. Nxe3 dxe3 28. Rxe3 Qe7 29. Rf2 Rd6 30. Bf1 Red8 31. Qe1 Ne6 32. Rg2 Kg7 33. Qf2 Qf6 34. Rh2 Kg8 35. Re1 Rxd3 36. Bxd3 Rxd3 37. Re3 Rd1+ 38. Kg2 Nd4 39. Rh1 Rxh1 40. Kxh1 Qe6 41. Rc3 Qh3+ 42. Kg1 Qe6 43. Kg2 Kg7 44. Qe3 Qe7 45. a4 Qe6 46. Rc1 Qe7 47. Qd3 Qf6 48. Rf1 Qe7 49. Rf2 Qe6 50. f4 exf4 51. Rxf4 Qe7 52. Rf2 Qe5 53. Qe3 f6 54. Qf4 Qe7 55. Kh2 Ne6 56. Qb8 Nd4 57. Qxb6 Qxe4 58. Qxf6+ Kh7 59. Qf7+ 1-0


[Site "https://www.chess.com"]

[Event "Titled Tuesday Blitz November 15 Early 2022"]
[White "Johnson, Ben"]
[Black "Mrudul Dehankar"]
[WhiteFideId "2010917"]
[BlackFideId "25096990"]
[WhiteElo "2116"]
[BlackElo "2068"]
[Result "1-0"]
[Round "04"]
[TimeControl "180+1"]
[Date "2022.11.16"]
[WhiteClock "0:00:01"]
[BlackClock "0:00:01"]

1. Nf3 Nf6 2. c4 e6 3. b3 b6 4. Bb2 Bb7 5. Qc2 d6 6. Nc3 Nbd7 7. g3 g6 8. Bg2 Bg7 9. O-O O-O 10. d4 Qe7 11. e4 Ne8 12. Rad1 c5 13. Rfe1 Nc7 14. dxc5 dxc5 15. Na4 Rfd8 16. Bxg7 Kxg7 17. e5 Bc6 18. Nc3 Ne8 19. a4 Nf8 20. Nb5 a6 21. Nc3 Qb7 22. Nh4 Bxg2 23. Nxg2 Qc6 24. Qe4 Qc7 25. Qf4 Rxd1 26. Rxd1 Rd8 27. h4 h6 28. Ne3 Nd7 29. Ne4 Kg8 30. g4 Ng7 31. Kg2 Qb7 32. f3 Qc7 33. Nd6 Nf8 34. Kg3 Rd7 35. Ne4 Nh7 36. Rxd7 Qxd7 37. Nf6+ Nxf6 38. exf6 Ne8 39. Qxh6 Nxf6 40. h5 Qd2 41. hxg6 Qe1+ 42. Kf4 1-0


[Site "https://www.chess.com"]

[Event "Titled Tuesday Blitz November 15 Early 2022"]
[White "Khamdamova, Afruza"]
[Black "Tristan, Leonardo"]
[WhiteFideId "14210444"]
[BlackFideId "113816"]
[WhiteElo "2018"]
[BlackElo "2461"]
[Result "0-1"]
[Round "04"]
[TimeControl "180+1"]
[Date "2022.11.16"]
[WhiteClock "0:00:02"]
[BlackClock "0:00:25"]

1. e4 d5 2. exd5 Qxd5 3. Nc3 Qa5 4. d4 Nf6 5. Nf3 Bf5 6. Bd2 e6 7. Ne4 Qb6 8. Nxf6+ gxf6 9. b3 a5 10. g3 a4 11. Bg2 Nc6 12. O-O axb3 13. cxb3 Rd8 14. Be3 Nb4 15. Ne1 Nd5 16. Rc1 h5 17. h4 Bg4 18. Qc2 Nxe3 19. fxe3 Bh6 20. Qf2 f5 21. Nd3 c6 22. Ne5 Bg7 23. Nxg4 hxg4 24. Rcd1 Qc7 25. e4 fxe4 26. Bxe4 O-O 27. Kg2 f5 28. Bc2 Qd7 29. Rd3 Bxd4 30. Rfd1 c5 31. Qe2 Qc6+ 32. Kh2 Rd5 33. b4 b6 34. Bb3 Re5 35. Qd2 Kf7 36. bxc5 bxc5 37. Qh6 Rg8 38. Qh5+ Kf8 39. Qh6+ Rg7 40. Qh8+ Kf7 41. Qh5+ Ke7 42. R1d2 Re1 43. Rg2 Bg1+ 44. Kh1 Bd4+ 45. Kh2 Qe4 46. Rdd2 f4 47. Ba4 fxg3+ 48. Rxg3 Qh1# 0-1


[Site "https://www.chess.com"]

[Event "Titled Tuesday Blitz November 15 Early 2022"]
[White "Kleiman, Jake"]
[Black "Deuer, Marius"]
[WhiteFideId "2020041"]
[BlackFideId "16236432"]
[WhiteElo "2610"]
[BlackElo "2226"]
[Result "1-0"]
[Round "04"]
[TimeControl "180+1"]
[Date "2022.11.16"]
[WhiteClock "0:02:16"]
[BlackClock "0:01:55"]

1. e4 c5 2. c3 Nf6 3. e5 Nd5 4. Bc4 Nb6 5. Bb3 Nc6 6. Nf3 d6 7. exd6 exd6 8. d4 cxd4 9. Nxd4 Be7 10. O-O O-O 11. Re1 Bf6 12. Nb5 d5 13. Bf4 Bf5 14. Nd6 Be6 15. Nxb7 Rc8 16. Nxd8 Rcxd8 1-0


[Site "https://www.chess.com"]

[Event "Titled Tuesday Blitz November 15 Early 2022"]
[White "Kobo, Ori"]
[Black "Garagulya, Konstantin"]
[WhiteFideId "2812320"]
[BlackFideId "4128931"]
[WhiteElo "2447"]
[BlackElo "2329"]
[Result "1-0"]
[Round "04"]
[TimeControl "180+1"]
[Date "2022.11.16"]
[WhiteClock "0:01:16"]
[BlackClock "0:00:29"]

1. e4 c5 2. Nc3 a6 3. Nge2 b5 4. g3 Bb7 5. Bg2 e6 6. d4 cxd4 7. Nxd4 d6 8. O-O Nd7 9. a4 b4 10. Na2 a5 11. c3 bxc3 12. Nxc3 Ngf6 13. Re1 Nc5 14. Ndb5 Be7 15. Bf4 e5 16. Bg5 O-O 17. Bxf6 Bxf6 18. Nxd6 Bc6 19. Ndb5 Nd3 20. Re2 Nb4 21. Nd5 Be7 22. Rc1 Rc8 23. Na7 Re8 24. Nxc8 Qxc8 25. Nxb4 Bxb4 26. Rec2 Re6 27. Bh3 Qe8 28. Bxe6 Bxa4 29. Rc8 1-0


[Site "https://www.chess.com"]

[Event "Titled Tuesday Blitz November 15 Early 2022"]
[White "Kopczynski, Michal"]
[Black "Urbina Quiroz, Edwin"]
[WhiteFideId "1124200"]
[BlackFideId "6500650"]
[WhiteElo "2235"]
[BlackElo "2152"]
[Result "1-0"]
[Round "04"]
[TimeControl "180+1"]
[Date "2022.11.16"]
[WhiteClock "0:00:19"]
[BlackClock "0:00:02"]

1. e4 e5 2. Nf3 Nc6 3. Bb5 a6 4. Ba4 Nf6 5. O-O Be7 6. Re1 b5 7. Bb3 d6 8. a4 b4 9. h3 Na5 10. Ba2 b3 11. cxb3 c5 12. Na3 Nc6 13. Nc4 Be6 14. d3 O-O 15. Bd2 Rb8 16. Bc3 h6 17. Bb1 Nd7 18. Bc2 f5 19. exf5 Bxf5 20. b4 Nxb4 21. Bxb4 Rxb4 22. Bb3 Kh8 23. Ne3 Bg6 24. Nd5 Rb8 25. d4 e4 26. Nd2 cxd4 27. Nxe4 Ne5 28. Bc2 Rxb2 29. Rb1 Rxc2 30. Qxc2 Bh4 31. Qc7 Qxc7 32. Nxc7 Bxe4 33. Rxe4 Bxf2+ 34. Kh2 d3 35. Ne6 Rf6 36. Rb8+ Kh7 37. Nf4 d2 38. Rb1 g5 39. Nh5 Rf5 40. Ng3 Bxg3+ 41. Kxg3 Rf8 42. Rd1 Rc8 43. Rxd2 Rc3+ 44. Kh2 Rc6 45. Red4 Nf7 46. Rd5 Kg7 47. a5 1-0


[Site "https://www.chess.com"]

[Event "Titled Tuesday Blitz November 15 Early 2022"]
[White "Korchmar, Vasiliy"]
[Black "Seemann, Jakub"]
[WhiteFideId "24131750"]
[BlackFideId "21874697"]
[WhiteElo "2370"]
[BlackElo "2275"]
[Result "0-1"]
[Round "04"]
[TimeControl "180+1"]
[Date "2022.11.16"]
[WhiteClock "0:00:05"]
[BlackClock "0:00:52"]

1. e4 e6 2. d4 d5 3. e5 c5 4. c3 Bd7 5. Nf3 Qb6 6. c4 dxc4 7. d5 exd5 8. Nc3 d4 9. Nd5 Qd8 10. Bxc4 Be6 11. Bg5 Ne7 12. Nxe7 Bxe7 13. Bxe6 fxe6 14. Bxe7 Qxe7 15. b4 O-O 16. bxc5 Nc6 17. Rc1 Rad8 18. Qd3 Rd5 19. O-O Rxc5 20. Nxd4 Rxc1 21. Rxc1 Qd7 22. Rc4 Nxe5 23. Qc3 Nxc4 24. Qxc4 Rd8 0-1


[Site "https://www.chess.com"]

[Event "Titled Tuesday Blitz November 15 Early 2022"]
[White "Korelskiy, Egor"]
[Black "Sanchez, Robert"]
[WhiteFideId "34329064"]
[BlackFideId "2034360"]
[WhiteElo "2043"]
[BlackElo "2293"]
[Result "1/2-1/2"]
[Round "04"]
[TimeControl "180+1"]
[Date "2022.11.16"]
[WhiteClock "0:00:06"]
[BlackClock "0:00:37"]

1. e4 d5 2. exd5 Qxd5 3. Nc3 Qe6+ 4. Be2 Qg6 5. Bf3 Nc6 6. Nd5 Qe6+ 7. Qe2 Qd7 8. c3 e6 9. d4 Nge7 10. Nxe7 Bxe7 11. Nh3 O-O 12. O-O h6 13. Nf4 Re8 14. Nd3 Bf6 15. Nc5 Qd6 16. Ne4 Qe7 17. Bf4 e5 18. Nxf6+ Qxf6 19. Bxc6 Qxc6 20. dxe5 Be6 21. Rfd1 Rad8 22. Bg3 Qa4 23. b3 Qc6 24. c4 h5 25. h3 g6 26. Bh4 Rxd1+ 27. Rxd1 Bf5 28. Qe3 Kh7 29. Bg3 Be4 30. f3 Bf5 31. Qg5 Be6 32. Bf4 a5 33. Qh6+ Kg8 34. Bg5 Qc5+ 35. Kh1 Qxe5 36. f4 Qg7 37. Qxg7+ Kxg7 38. Bh4 a4 39. Bf2 axb3 40. axb3 Ra8 41. Bd4+ f6 42. Re1 Kf7 43. Bc5 b6 44. Bb4 c5 45. Bc3 Ra3 46. Rb1 Bxc4 47. bxc4 Rxc3 48. Rxb6 Rxc4 49. Rb7+ Ke6 50. g3 h4 51. Kg2 hxg3 52. Kxg3 Rc3+ 53. Kg4 c4 54. Rb6+ Ke7 55. Rb7+ Kf8 56. Rb8+ Kf7 57. Rb7+ Kg8 58. Rb6 Kg7 59. Rb7+ Kh6 60. Rb6 f5+ 61. Kh4 Rc2 62. Rb8 c3 63. Rh8+ Kg7 64. Rc8 Rf2 65. Kg5 c2 66. Rc7+ Kf8 67. Kxg6 Rxf4 68. Rxc2 Rh4 69. Rc3 f4 70. Kg5 Rh8 71. Kxf4 Kf7 72. Kg4 Kg6 73. h4 Rd8 74. Rc6+ Kh7 75. Rc5 Rd4+ 76. Kg5 Rd1 77. Rc7+ Kh8 78. Kg6 Rd6+ 79. Kf7 Rh6 80. Rc4 Ra6 81. Rg4 Ra7+ 82. Kf6 Ra6+ 83. Kf7 Ra7+ 84. Ke6 Ra6+ 85. Kf5 Ra5+ 86. Kg6 Ra6+ 87. Kh5 Kh7 88. Rd4 Ra5+ 89. Kg4 Ra1 90. h5 Ra6 91. Rd5 Rb6 92. Kg5 Ra6 93. Rd7+ Kh8 94. h6 Rb6 95. Rd8+ Kh7 96. Rd5 Ra6 97. Re5 Rb6 98. Kf5 Kxh6 99. Re6+ Rxe6 100. Kxe6 1/2-1/2


[Site "https://www.chess.com"]

[Event "Titled Tuesday Blitz November 15 Early 2022"]
[White "Koridze, Lile"]
[Black "Simonovic, Miroslav"]
[WhiteFideId "13612514"]
[BlackFideId "919152"]
[WhiteElo "2050"]
[BlackElo "2043"]
[Result "0-1"]
[Round "04"]
[TimeControl "180+1"]
[Date "2022.11.16"]
[WhiteClock "0:01:22"]
[BlackClock "0:00:15"]

1. d4 Nf6 2. c4 c5 3. d5 b5 4. cxb5 a6 5. bxa6 Bxa6 6. Nc3 d6 7. e4 Bxf1 8. Kxf1 Nbd7 9. g3 g6 10. Kg2 Bg7 11. Nf3 O-O 12. Qe2 Qa5 13. Nd2 Rfb8 14. Nc4 Qa6 15. Re1 Rb4 16. Nd2 Qxe2 17. Rxe2 Ne5 18. a3 Rb7 19. f4 Nd3 20. Nc4 Nxc1 21. Rxc1 Nd7 22. e5 Nb6 23. Ne4 Nxc4 24. Rxc4 Ra6 25. exd6 exd6 26. b4 f5 27. Ng5 Bd4 28. bxc5 Bxc5 29. a4 Rba7 30. Re8+ Kg7 31. Ne6+ Kf7 32. Rh8 Rxa4 33. Rxh7+ Ke8 34. Rxa4 Rxa4 35. Rg7 Ra2+ 36. Kf3 Rf2# 0-1


[Site "https://www.chess.com"]

[Event "Titled Tuesday Blitz November 15 Early 2022"]
[White "Kostiukov, Alexandr"]
[Black "Seifert, Henryk"]
[WhiteFideId "14108100"]
[BlackFideId "1100963"]
[WhiteElo "2202"]
[BlackElo "2120"]
[Result "1-0"]
[Round "04"]
[TimeControl "180+1"]
[Date "2022.11.16"]
[WhiteClock "0:00:23"]
[BlackClock "0:00:01"]

1. g3 d5 2. Bg2 c6 3. d3 Nf6 4. e4 dxe4 5. dxe4 Qxd1+ 6. Kxd1 e5 7. f3 Bc5 8. Nd2 a5 9. a4 h5 10. h4 Be6 11. Bh3 Bxg1 12. Bxe6 Bf2 13. Bc8 Bxg3 14. Bxb7 Ra7 15. Bc8 O-O 16. Bh3 Na6 17. Nc4 Rd8+ 18. Ke2 Nb4 19. c3 Nc2 20. Ra2 Bf4 21. Bxf4 exf4 22. b3 Ne3 23. Nxe3 fxe3 24. Kxe3 Rb7 25. Rb1 c5 26. Rab2 Re7 27. Rd2 Rde8 28. Bf1 Nxe4 29. fxe4 Rxe4+ 30. Kf2 Rxh4 31. Re2 Rxe2+ 32. Bxe2 Rh2+ 33. Ke3 Rh3+ 34. Kd2 g5 35. b4 cxb4 36. cxb4 axb4 37. Rxb4 Ra3 38. Rb5 f6 39. a5 Kg7 40. Bxh5 Kh6 41. Bd1 Kg6 42. Bc2+ Kh5 43. Kc1 Kh4 44. Kb2 Re3 45. a6 Re8 46. a7 Ra8 47. Ra5 1-0


[Site "https://www.chess.com"]

[Event "Titled Tuesday Blitz November 15 Early 2022"]
[White "Kouskoutis, Georgios-Alexandros"]
[Black "Martin, Lewis"]
[WhiteFideId "4234049"]
[BlackFideId "410551"]
[WhiteElo "2187"]
[BlackElo "2145"]
[Result "1-0"]
[Round "04"]
[TimeControl "180+1"]
[Date "2022.11.16"]
[WhiteClock "0:01:09"]
[BlackClock "0:01:45"]

1. Nf3 Nf6 2. g3 c5 3. Bg2 Nc6 4. O-O e5 5. c4 d6 6. Nc3 Be6 7. d3 h6 8. Rb1 Be7 9. a3 a5 10. Ne1 Qd7 11. Nd5 Bd8 12. Nc2 Bh3 13. f4 Bxg2 14. Kxg2 O-O 15. f5 e4 16. Nxf6+ Bxf6 17. Ne3 exd3 18. exd3 Nd4 19. Nd5 Be5 20. f6 g5 21. Qh5 Nf5 22. Rxf5 Qxf5 23. Ne7+ 1-0


[Site "https://www.chess.com"]

[Event "Titled Tuesday Blitz November 15 Early 2022"]
[White "Kovalev, Vladislav"]
[Black "Budrewicz, Krzysztof"]
[WhiteFideId "13504398"]
[BlackFideId "1127950"]
[WhiteElo "2556"]
[BlackElo "2187"]
[Result "1-0"]
[Round "04"]
[TimeControl "180+1"]
[Date "2022.11.15"]
[WhiteClock "0:00:56"]
[BlackClock "0:00:20"]

1. e4 g6 2. d4 Bg7 3. Be3 d6 4. f4 a6 5. Nf3 b5 6. Bd3 Nd7 7. O-O Bb7 8. a4 b4 9. a5 c5 10. c3 Nh6 11. Kh1 bxc3 12. bxc3 O-O 13. Nbd2 cxd4 14. cxd4 e5 15. fxe5 dxe5 16. d5 Ng4 17. Bg1 Bh6 18. Nc4 Qe7 19. Rb1 Bc8 20. Qa4 Re8 21. Qc6 Rb8 22. Nd6 Rd8 23. Qc7 Ra8 24. Nxf7 Kxf7 25. Nxe5+ Kg8 26. Nxg4 Bf8 27. d6 1-0


[Site "https://www.chess.com"]